 Dungeon Crawl Stone Soup version 0.23.2-33-g5129a83184 (webtiles) character file.

Game seed: 7167394093133298001

2279 Lauz the Shield-Bearer (level 9, -1/54 HPs)
             Began as a Gargoyle Fighter on July 9, 2019.
             Was a Follower of Vehumet.
             Slain by an orc warrior
             ... wielding a +1 battleaxe of freezing
              (20 damage)
             ... on level 6 of the Dungeon.
             The game lasted 00:26:07 (8280 turns).

Lauz the Shield-Bearer (Gargoyle Fighter)           Turns: 8280, Time: 00:26:08

Health: -1/54      AC: 14    Str: 21    XL:     9   Next: 39%
Magic:  9/9        EV:  9    Int: 11    God:    Vehumet [*.....]
Gold:   340        SH: 11    Dex:  9    Spells: 7/8 levels left

rFire    . . .     SeeInvis .   a - +1 flail
rCold    . . .     Gourm    .   c - +1 shield
rNeg     + . .     Faith    .   b - +0 scale mail
rPois    ∞         Spirit   .   (no helmet)
rElec    +         Reflect  .   (no cloak)
rCorr    .         Harm     .   (no gloves)
MR       .....                  (no boots)
Stlth    ..........             (no amulet)
HPRegen  0.18/turn              (no ring)
MPRegen  0.11/turn              (no ring)

@: about to teleport
A: negative energy resistance 1, electricity resistance, unbreathing,
petrification resistance, rot immunity, AC +6
a: Renounce Religion


You were on level 6 of the Dungeon.
You worshipped Vehumet.
Vehumet was aware of your devotion.
You were hungry.

You visited 1 branch of the dungeon, and saw 7 of its levels.

You collected 340 gold pieces.

Inventory:

Hand Weapons
 a - a +1 flail (weapon)
 e - a +0 morningstar
 p - a +0 mace of draining
Missiles
 r - 107 stones (quivered)
Armour
 b - a +0 scale mail (worn)
 c - a +1 shield (worn)
 w - a +0 chain mail
Wands
 v - a wand of polymorph (12)
Scrolls
 h - a scroll of amnesia {unknown}
 i - a scroll of enchant armour
 k - 4 scrolls of identify
 l - 2 scrolls of immolation
 m - 2 scrolls of blinking
 n - 2 scrolls of remove curse
 o - 2 scrolls of enchant weapon
 s - a scroll of magic mapping
Potions
 d - a potion of degeneration
 g - 6 potions of curing
 j - a potion of haste
 q - 2 potions of resistance
 t - 2 potions of lignification
Comestibles
 f - 10 rations


   Skills:
 + Level 5.4 Fighting
 + Level 7.2 Maces & Flails
 + Level 6.9 Armour
 + Level 3.0 Dodging
 + Level 7.2 Shields
 + Level 0.3 Spellcasting
 * Level 2.1 Earth Magic


You had 7 spell levels left.
You knew the following spells:

 Your Spells              Type           Power        Failure   Level  Hunger
a - Sandblast             Erth           #.....       69%         1    ##.....
Your spell library was empty.

Dungeon Overview and Level Annotations

Branches:
Dungeon (7/15)
 Temple: D:4-7

Altars:
Dithmenos
Elyvilon
Nemelex Xobeh
Vehumet
Xom

Shops:
D:4 ?   D:6 *

Annotations:
D:7 1 runed translucent door, Frank's ghost, novice OpFi


Innate Abilities, Weirdness & Mutations

You are resistant to torment.
Your stone body is resilient. (AC +6)
You are immune to poison.
You resist negative energy. (rN+)
You are resistant to electric shocks. (rElec)
You can survive without breathing.
You are immune to petrification.
You are immune to rotting.


Message History

You hit the orc warrior but do no damage.
The orc warrior is heavily wounded.
The orc warrior hits you with a +1 battleaxe of freezing!
The orc warrior freezes you.
You hit the orc warrior but do no damage.
The orc warrior is heavily wounded.
You block the orc warrior's attack.
You closely miss the orc warrior.
The orc warrior is heavily wounded.
You block the orc warrior's attack.
You closely miss the orc warrior.
The orc warrior is heavily wounded.
The orc warrior hits you with a +1 battleaxe of freezing!
The orc warrior freezes you.
You barely miss the orc warrior.
The orc warrior is heavily wounded.
As you read the scroll of teleportation, it crumbles to dust.
You feel strangely unstable.
The orc warrior hits you with a +1 battleaxe of freezing!!
You die...

#......(.()#####.####
##...............#
#..#########..#### ##.## #...##
### ##..# #....# ..# ##..##
#####.##.###### #.## #..##
#.....##..>.... #..#######.##
####.############. ##.........#
###@...# #####.....
#......######.o.#######....>##..
##......###.....(........######..
............<.############ #..
.#####.......## #.. ## #....####
### #....# ######


You could see an orc warrior.

Vanquished Creatures
  Grinder (D:5)
  Eustachio (D:4)
  An ice beast (D:6)
  A black bear (D:4)
  An orc warrior (D:6)
  A phantom (D:6)
  2 ogres (D:5)
  3 centaurs
  3 bullfrogs
  A wyvern zombie (D:7)
  A scorpion (D:6)
  A wyvern skeleton (D:6)
  3 crimson imps
  A bullfrog zombie (D:6)
  A bullfrog skeleton (D:6)
  5 orc priests
  3 hounds (D:6)
  2 orc wizards
  4 worker ants
  An iguana (D:4)
  A hound zombie (D:5)
  12 adders
  4 oozes
  An adder zombie (D:6)
  2 worms
  3 dart slugs
  A leopard gecko (D:2)
  20 orcs
  3 giant cockroaches
  6 goblins
  10 hobgoblins
  14 jackals
  9 kobolds
  5 quokkas
  3 ball pythons (D:2)
  5 bats
  5 frilled lizards
  A jackal skeleton (D:4)
  A leopard gecko skeleton (D:6)
  8 rats
151 creatures vanquished.

Vanquished Creatures (others)
  A quokka (D:5)
1 creature vanquished.

Grand Total: 152 creatures vanquished

Notes
Turn   | Place    | Note
-------+----------+-------------------------------------------
     0 | D:1      | Lauz the Gargoyle Fighter began the quest for the Orb.
     0 | D:1      | Reached XP level 1. HP: 14/14 MP: 1/1
    74 | D:1      | Reached XP level 2. HP: 8/19 MP: 2/2
   569 | D:1      | Reached XP level 3. HP: 23/23 MP: 3/3
  1009 | D:2      | Noticed a sky beast
  1864 | D:2      | Reached XP level 4. HP: 16/28 MP: 4/4
  2615 | D:3      | Found a radiant altar of Vehumet.
  2659 | D:3      | Reached XP level 5. HP: 33/33 MP: 5/5
  2826 | D:3      | Reached skill level 1 in Dodging
  3713 | D:4      | Reached XP level 6. HP: 36/38 MP: 6/6
  3726 | D:4      | Found a shadowy altar of Dithmenos.
  3797 | D:4      | Noticed Eustachio
  3919 | D:4      | Killed Eustachio
  3919 | D:4      | Reached skill level 5 in Shields
  4193 | D:4      | Reached XP level 7. HP: 14/43 MP: 7/7
  4637 | D:4      | Found Botik's Magic Scroll Emporium.
  4869 | D:4      | Found a sparkling altar of Nemelex Xobeh.
  5087 | D:5      | Entered Level 5 of the Dungeon
  5648 | D:5      | Reached skill level 5 in Armour
  5760 | D:5      | Noticed Grinder
  5771 | D:5      | Paralysed by Grinder for 4 turns
  5781 | D:5      | Paralysed by Grinder for 5 turns
  5796 | D:5      | Killed Grinder
  5796 | D:5      | Reached skill level 5 in Maces & Flails
  5796 | D:5      | Reached XP level 8. HP: 28/48 MP: 8/8
  6177 | D:5      | Found a white marble altar of Elyvilon.
  6252 | D:3      | Became a worshipper of Vehumet
  6654 | D:6      | Reached skill level 5 in Fighting
  6971 | D:6      | Reached * piety under Vehumet
  6971 | D:6      | Offered knowledge of Sandblast by Vehumet.
  6980 | D:6      | Reached XP level 9. HP: 37/54 MP: 9/9
  7041 | D:5      | Learned a level 1 spell: Sandblast
  7174 | D:6      | Reached skill level 1 in Earth Magic
  7364 | D:6      | Found Boekit's Assorted Antiques.
  7692 | D:7      | Found a runed translucent door.
  8192 | D:7      | Found a shimmering altar of Xom.
  8192 | D:7      | Noticed Frank's ghost (novice OpFi)
  8192 | D:7      | Noticed a +1 hand axe of chaos
  8280 | D:6      | Slain by an orc warrior

Skill      XL: |  1  2  3  4  5  6  7  8  9 |
---------------+----------------------------+-----
Shields        | 4 5 6 7 |  7.2
Armour         | 4 5 6 |  6.9
Maces & Flails | 3 4 5 6 7 |  7.2
Dodging        | 1 2 3 |  3.0
Fighting       | 4 5 |  5.4
Earth Magic    | 2 |  2.1
Spellcasting   | |  0.3

Action                   |  1- 3 |  4- 6 |  7- 9 || total
-------------------------+-------+-------+-------++-------
Melee: Flail             |   194 |   280 |   415 ||   889
Throw: Stone             |       |       |    18 ||    18
  Use: Scroll            |       |     3 |    12 ||    15
       Potion            |       |     1 |     1 ||     2
  Eat: Ration            |     1 |       |       ||     1
       Chunk             |       |     8 |    13 ||    21
Armor: Scale mail        |   156 |   143 |   182 ||   481
       Skin              |       |       |    14 ||    14
Dodge: Dodged            |    71 |    92 |   147 ||   310
Block: Shield            |   122 |   163 |   247 ||   532
